 Dungeon Crawl Stone Soup version 0.31-a0-844-gdc52ec4e09 (webtiles) character file.

Game seed: 17612703526473923317

94 javelincjr the Ruffian (level 4, -1/33 HPs)
             Began as a Demonspawn Shapeshifter on Sept 29, 2023.
             Was a Believer of Wu Jian.
             Slain by an orc
             ... wielding a +0 mace
              (6 damage)
             ... on level 3 of the Dungeon.
             The game lasted 00:03:30 (1506 turns).

javelincjr the Ruffian (Demonspawn Shapeshifter)    Turns: 1506, Time: 00:03:30

Health: -1/33      AC:  2    Str: 16    XL:     4   Next: 38%
Magic:  4/4        EV: 12    Int: 11    God:    Wu Jian [**....]
Gold:   41         SH:  0    Dex: 13    Spells: 3/3 levels left

rFire   . .          .
                       - Unarmed
rCold   . . .        (no shield)
rNeg    . . .        a - +0 animal skin
rPois   .            (helmet currently unavailable)
rElec   .            (cloak currently unavailable)
rCorr   +            (gloves currently unavailable)
SInv    .            (boots currently unavailable)
Will    .....        (no amulet)
Stlth   +            j - ring of resist corrosion
HPRegen 0.25/turn    (no ring)
MPRegen 0.09/turn

%: no passive effects
@: confused, beast-form
A: beast (slay +1), ignite blood 1, powered by pain 1, weakness stinger 1
a: Begin Untransformation, Renounce Religion, Wall Jump


You were on level 3 of the Dungeon.
You worshipped Wu Jian.
Wu Jian was pleased with you.
You were a hulking beast.
You visited 1 branch of the dungeon, and saw 3 of its levels.

You collected 41 gold pieces.

Inventory:

Missiles
 f - 24 stones
 q - 3 silver javelins
Armour
 a - a +0 animal skin (worn)
 g - an orb of energy
 m - a +0 helmet
 o - a +0 chain mail
Jewellery
 j - a ring of resist corrosion (left hand)
Talismans
 c - a beast talisman (active)
 d - a flux talisman
Scrolls
 e - a scroll of vulnerability {unknown}
 i - a scroll of brand weapon {unknown}
 k - 3 scrolls of identify {unknown}
Potions
 b - a potion of lignification
 h - 3 potions of heal wounds {unknown}
 l - a potion of haste {unknown}
 n - a potion of degeneration {unknown}
 p - a potion of cancellation {unknown}
 r - a potion of invisibility {unknown}


   Skills:
 + Level 2.2 Fighting
 + Level 2.5 Dodging
 + Level 3.2 Unarmed Combat
 + Level 3.2 Shapeshifting


You had 3 spell levels left.
You didn't know any spells.
Your spell library contained the following spells:

 Spells                   Type           Power      Damage    Failure   Level
 Kiss of Death            Conj/Necr      0%         2d5       34%         1
 Confusing Touch          Hex            0%         N/A       71%         3
 Volatile Blastmotes      Fire/Tloc      0%         2d10      71%         3
 Dispel Undead            Necr           0%         3d6       98%         4
 Fulminant Prism          Conj/Hex       0%         3d5       98%         4
 Iskenderun's Mystic Bla  Conj/Tloc      0%         2d3       98%         4


Dungeon Overview and Level Annotations

Branches:
Dungeon (3/15)

Altars:
Wu Jian

Shops:
D:2 =


Innate Abilities, Weirdness & Mutations

You are a hulking beast.
Your limbs bulge with bestial killing power. (Slay +1)
Your demonic aura sometimes causes spilled blood to erupt in flames.
You sometimes gain a little power by taking damage.
You have a small tail.


Message History

The puff of flame hits you!
An orc comes into view. It is wielding a +0 mace.
The orc shouts!
An orc comes into view. It is wielding a +0 hand axe.
Found a scroll labelled LASSYE TAOH.
The orc shouts!
The goblin shouts!
You hit the orc wizard.
The orc wizard is moderately wounded.
You barely miss the orc wizard. You tail-slap the orc wizard.
The orc wizard is moderately wounded.
The orc wizard gestures at you while chanting.
You are confused.
You are too confused!
You are too confused!
The orc wizard gestures at you while chanting.
You are more confused.
You miss the orc wizard.
You tail-slap the orc wizard, but do no damage.
The orc wizard is moderately wounded.
An orc comes into view. It is wielding a +0 short sword.
The goblin hits you with a +0 club.
The orc shouts!
The goblin attacks as it pursues you! The goblin closely misses you.
You miss the orc wizard.
The orc wizard is moderately wounded.
The orc closely misses you. The goblin barely misses you.
The orc wizard casts a spell at you. The magic dart hits you!
The orc wizard attacks as it pursues you!
The orc wizard hits you with a +0 dagger.
The goblin hits you with a +0 club.
* * * LOW HITPOINT WARNING * * *
The orc barely misses you.
You bump into the rock wall.
The orc wizard hits you with a +0 dagger.
* * * LOW HITPOINT WARNING * * *
The goblin hits you with a +0 club.
* * * LOW HITPOINT WARNING * * *
The orc hits you with a +0 mace.
You die...

####.####
########.......#
#........#.......#
#..[.....#.>.....#
..##........#.......#
..........!.#.......#
.##...(.....#.......#
#...o.og..........#
#....ooh.##......##
?.######### ### .. #


You could see an orc wizard, 3 orcs and a goblin.

Vanquished Creatures
  5 adders (D:2)
  2 worms (D:2)
  A dart slug (D:1)
  A ball python (D:1)
  6 bats
  4 endoplasms
  A giant cockroach (D:2)
  2 goblins
  6 hobgoblins
  3 jackals (D:1)
  A kobold (D:1)
  2 quokkas (D:1)
  3 frilled lizards
  3 rats
40 creatures vanquished.

Notes
Turn   | Place    | Note
-------+----------+-------------------------------------------
     0 | D:1      | javelincjr the Demonspawn Shapeshifter began the quest for
                  | the Orb.
     0 | D:1      | Reached XP level 1. HP: 15/15 MP: 1/1
    11 | D:1      | Found a faded altar of an unknown god.
    43 | D:1      | Prayed at the altar of an unknown god.
    43 | D:1      | Became a worshipper of the Wu Jian Council
    43 | D:1      | Reached * piety under Wu Jian
   173 | D:1      | Gained mutation: You have a small tail. [demonic ancestry]
   173 | D:1      | Reached XP level 2. HP: 21/21 MP: 2/2
   754 | D:2      | Gained mutation: Your demonic aura sometimes causes spilled
                  | blood to erupt in flames. [demonic ancestry]
   754 | D:2      | Reached XP level 3. HP: 12/27 MP: 3/3
   759 | D:2      | Reached ** piety under Wu Jian
   898 | D:2      | Found Sated's Jewellery Shoppe.
   965 | D:2      | Gained mutation: You sometimes gain a little power by
                  | taking damage. [demonic ancestry]
   965 | D:2      | Reached XP level 4. HP: 23/33 MP: 4/4
  1506 | D:3      | Slain by an orc

Illustrated notes

Levels and vault maps discovered:
D:1:      amcnicky_arrival_single_pillar, layout_basic,
          hellmonk_ecumenical_altar_pennies_from_heaven
D:2:      layout_rooms, serial_shops, nicolae_shop_behind_doors,
          kennysheep_small_spiral, minmay_misc_feat_doors
D:3:      layout_loops_cross, xom_butterflies,
          mainiacjoe_overflow_small_starburst,
          nicolae_hepliaklqana_ecumenical_no_more, roderic_roman_lattice

Skill      XL: |  1  2  3 |
---------------+----------+-----
Dodging        | 2 |  2.5
Unarmed Combat | 3 |  3.2
Shapeshifting  | 3 |  3.2
Fighting       | 2 |  2.2

Action                     |  1- 3 |  4- 6 || total
---------------------------+-------+-------++-------
  Melee: Unarmed           |    84 |    42 ||   126
         Tailslap          |     4 |     8 ||    12
Ability: Lunge             |     7 |     3 ||    10
         Whirlwind         |     1 |       ||     1
   Stab: Sleeping          |     4 |       ||     4
 Armour: Animal skin       |    34 |    22 ||    56
  Dodge: Dodged            |    37 |    24 ||    61

Table legend: (Time is in decaauts)
 A = Elapsed time spent in this place.
 B = Non-inter-level travel time spent in this place.
 C = Inter-level travel time spent in this place.
 D = Time resting spent in this place.
 E = Time spent auto-exploring this place.
 F = Levels seen in this place.
 G = Mean time per level.
                   A        B        C        D        E       F      G
               +--------+--------+--------+--------+--------+-----+--------+
         Total |   1500 |   1445 |     55 |      0 |   1118 |   3 |  500.0 |
       Dungeon |   1500 |   1445 |     55 |      0 |   1118 |   3 |  500.0 |
               +--------+--------+--------+--------+--------+-----+--------+

Top non-repeatable levels by time:
     D:1: 744 daAuts
     D:2: 727 daAuts
     D:3: 28 daAuts
